ESL (28 & UNDER)
READING RAINBOWS @ RIO GRANDE RATTLESNAKE
08/24/2026
 
TOP OF THE 1ST
Reading Rainbows batting - Pitching for Rio Grande Rattlesnake : RHP Connor Reed
Pitching: RHP Connor Reed
Batting: LHB Alfonso Ruíz 0-0: Called Strike
0-1: Ball
1-1: Fly out, F5 (Popup, 25F)
Batting: LHB Richard Henry 0-0: Ball
1-0: Ball
2-0: Called Strike
2-1: Ball
3-1: Foul Ball, location: 2F
3-2: Fly out, F5 (Popup, 5F)
Batting: RHB Dan Banks 0-0: Ball
1-0: Called Strike
1-1: Foul Ball, location: 2F
1-2: Reached on error, E5 (Groundball, 56)
Batting: RHB Germano Labrego 0-0: Ball
1-0: Foul Ball, location: 2F
1-1: DOUBLE (Line Drive, 9LM)
Dan Banks to third
Runner from 3rd tries for Home, SAFE, no throw or cutoff
Batting: RHB Albert Lutz 0-0: Ball
1-0: Swinging Strike
1-1: Ground out 6-3 (Groundball, 6)
Top of the 1st over - 1 run(s), 1 hit(s), 1 error(s), 1 left on base; Reading 1 - Rio Grande 0
BOTTOM OF THE 1ST
Rio Grande Rattlesnake batting - Pitching for Reading Rainbows : RHP Ramón Quintero
Pitching: RHP Ramón Quintero
Batting: SHB William Daly 0-0: Foul Ball, location: 2F
0-1: Ball
1-1: Foul Ball, location: 2F
1-2: Ball
2-2: Fly out, F5 (Popup, 5SF)
Batting: RHB Joe Courtier 0-0: Ball
1-0: TRIPLE (Flyball, 8LXD)
Batting: RHB Liangde Que 0-0: 2-RUN HOME RUN (Flyball, 89XD), Distance : 397 ft
Batting: RHB Max Jones 0-0: Foul Ball, location: 2F
0-1: Ball
1-1: Fly out, F5 (Line Drive, 56)
Batting: RHB Hollis Wood 0-0: Ball
1-0: Ball
2-0: Ball
3-0: Called Strike
3-1: Base on Balls
Batting: RHB Doug Delaney 0-0: Called Strike
0-1: Fly out, F7 (Line Drive, 7M)
Bottom of the 1st over - 2 run(s), 2 hit(s), 0 error(s), 1 left on base; Reading 1 - Rio Grande 2
TOP OF THE 2ND
Reading Rainbows batting - Pitching for Rio Grande Rattlesnake : RHP Connor Reed
Batting: LHB Shane Lynch 0-0: Ball
1-0: Ball
2-0: Ball
3-0: Base on Balls
Batting: RHB Ron King 0-0: Called Strike
0-1: SINGLE (Line Drive, 6D)
Shane Lynch to second
Batting: RHB Donald Sanford 0-0: Ball
1-0: Ball
2-0: Ball
3-0: Base on Balls
Shane Lynch to third
Ron King to second
Batting: LHB Wally Coker 0-0: SINGLE (Line Drive, 78S)
Shane Lynch scores
Ron King to third
Donald Sanford to second
Runner from 3rd tries for Home, SAFE, throw made home
Donald Sanford to third
Wally Coker to second
Batting: LHB Alfonso Ruíz 0-0: Ball
1-0: Ball
2-0: 3-RUN HOME RUN (Flyball, 9D), Distance : 357 ft
Batting: LHB Richard Henry 0-0: Called Strike
0-1: Called Strike
0-2: Ball
1-2: Foul Ball, location: 2F
1-2: Strikes out swinging
Batting: RHB Dan Banks 0-0: Swinging Strike
0-1: Swinging Strike
0-2: Ball
1-2: Ball
2-2: Ball
3-2: Fly out, F9 (Flyball, 89M)
Batting: RHB Germano Labrego 0-0: Called Strike
0-1: Hit by Pitch
Batting: RHB Albert Lutz 0-0: Called Strike
0-1: Ball
1-1: SINGLE (Groundball, 6S) (infield hit)
Germano Labrego to second
Batting: LHB Shane Lynch 0-0: Fly out, F6 (Popup, 15)
Top of the 2nd over - 5 run(s), 4 hit(s), 0 error(s), 2 left on base; Reading 6 - Rio Grande 2
BOTTOM OF THE 2ND
Rio Grande Rattlesnake batting - Pitching for Reading Rainbows : RHP Ramón Quintero
Batting: RHB Juan López 0-0: Ball
1-0: Ball
2-0: Called Strike
2-1: Fly out, F3 (Line Drive, 3)
Batting: RHB Maresuke Yoshida 0-0: Called Strike
0-1: Swinging Strike
0-2: Ball
1-2: Ball
2-2: Strikes out looking
Batting: SHB Jeremy Holmes 0-0: Fly out, F8 (Flyball, 8LM)
Bottom of the 2nd over - 0 run(s), 0 hit(s), 0 error(s), 0 left on base; Reading 6 - Rio Grande 2
TOP OF THE 3RD
Reading Rainbows batting - Pitching for Rio Grande Rattlesnake : RHP Connor Reed
Batting: RHB Ron King 0-0: Called Strike
0-1: Foul Ball, location: 2F
0-2: Ball
1-2: Ground out 5-3 (Groundball, 5)
Batting: RHB Donald Sanford 0-0: Ball
1-0: Ball
2-0: Ball
3-0: Base on Balls
Batting: LHB Wally Coker 0-0: Ball
1-0: Called Strike
1-1: Ball
2-1: DOUBLE (Flyball, 8LXD)
Donald Sanford to third
Batting: LHB Alfonso Ruíz 0-0: Called Strike
0-1: Ball
1-1: Ball
2-1: Ball
3-1: Swinging Strike
3-2: SINGLE (Groundball, 23) (infield hit)
Donald Sanford scores
Wally Coker to third
Batting: LHB Richard Henry 0-0: Called Strike
Alfonso Ruíz steals 2nd base
0-1: Ball
1-1: Swinging Strike
1-2: Ball
2-2: Strikes out swinging
Batting: RHB Dan Banks 0-0: Fly out, F7 (Flyball, 7S)
Top of the 3rd over - 1 run(s), 2 hit(s), 0 error(s), 2 left on base; Reading 7 - Rio Grande 2
BOTTOM OF THE 3RD
Rio Grande Rattlesnake batting - Pitching for Reading Rainbows : RHP Ramón Quintero
Batting: SHB William Daly 0-0: Ball
1-0: Ball
2-0: Ball
3-0: Called Strike
3-1: Fly out, F6 (Popup, 5D)
Batting: RHB Joe Courtier 0-0: Ball
1-0: Ball
2-0: Reached on error, E5 (Groundball, 56)
Batting: RHB Liangde Que 0-0: Called Strike
0-1: Ball
1-1: Ground out 1-3 (Groundball, 15S)
Batting: RHB Max Jones 0-0: Swinging Strike
0-1: Swinging Strike
0-2: Strikes out swinging
Bottom of the 3rd over - 0 run(s), 0 hit(s), 1 error(s), 1 left on base; Reading 7 - Rio Grande 2
TOP OF THE 4TH
Reading Rainbows batting - Pitching for Rio Grande Rattlesnake : RHP Connor Reed
Pitching: RHP Nelson Britt
Batting: RHB Germano Labrego 0-0: Ball
1-0: Ball
2-0: Called Strike
2-1: Ball
3-1: Base on Balls
Batting: RHB Albert Lutz 0-0: Ball
1-0: Ball
2-0: 2-RUN HOME RUN (Line Drive, 78XD), Distance : 372 ft
Batting: LHB Shane Lynch 0-0: Swinging Strike
0-1: Foul Ball, location: 2F
0-2: Strikes out swinging
Batting: RHB Ron King 0-0: Ball
1-0: Ball
2-0: Called Strike
2-1: Foul Ball, location: 2F
2-2: Ball
3-2: Foul Ball, location: 2F
3-2: Foul Ball, location: 2F
3-2: Ground out 6-3 (Groundball, 6M)
Batting: RHB Donald Sanford 0-0: Called Strike
0-1: SINGLE (Groundball, 6MD)
Batting: LHB Wally Coker 0-0: Ball
1-0: Called Strike
1-1: Foul Ball, location: 2F
1-2: Ball
2-2: Foul Ball, location: 2F
2-2: Ball
3-2: Fly out, F7 (Line Drive, 7M)
Top of the 4th over - 2 run(s), 2 hit(s), 0 error(s), 1 left on base; Reading 9 - Rio Grande 2
BOTTOM OF THE 4TH
Rio Grande Rattlesnake batting - Pitching for Reading Rainbows : RHP Ramón Quintero
Batting: RHB Hollis Wood 0-0: Ball
1-0: Ball
2-0: Called Strike
2-1: Ball
3-1: Foul Ball, location: 2F
3-2: Fly out, F3 (Popup, 3S)
Batting: RHB Doug Delaney 0-0: Ball
1-0: Ball
2-0: SINGLE (Groundball, 56D)
Batting: RHB Juan López 0-0: Ball
1-0: Called Strike
1-1: Ground out U3 (Groundball, 3S)
Doug Delaney to second
Batting: RHB Maresuke Yoshida 0-0: Called Strike
0-1: Ball
1-1: Swinging Strike
1-2: Strikes out looking
Bottom of the 4th over - 0 run(s), 1 hit(s), 0 error(s), 1 left on base; Reading 9 - Rio Grande 2
TOP OF THE 5TH
Reading Rainbows batting - Pitching for Rio Grande Rattlesnake : RHP Nelson Britt
Batting: LHB Alfonso Ruíz 0-0: Called Strike
0-1: Called Strike
0-2: Fly out, F7 (Flyball, 7M)
Batting: LHB Richard Henry 0-0: Ball
1-0: Swinging Strike
1-1: Ball
2-1: Ball
3-1: Base on Balls
Batting: RHB Dan Banks 0-0: Ball
1-0: Called Strike
1-1: Foul Ball, location: 2F
1-2: 2-RUN HOME RUN (Line Drive, 7LD), Distance : 333 ft
Pitching: RHP Alberto Román
Batting: RHB Germano Labrego 0-0: Ball
1-0: SINGLE (Line Drive, 89S)
Batting: RHB Albert Lutz 0-0: Ball
Germano Labrego is caught stealing 2nd base
1-0: Called Strike
1-1: Called Strike
1-2: Foul Ball, location: 2F
1-2: SINGLE (Groundball, 5D)
Batting: LHB Shane Lynch 0-0: Ball
1-0: Called Strike
1-1: Ball
2-1: SINGLE (Groundball, 34D)
Albert Lutz to second
Runner from 2nd tries for 3rd, SAFE, no throw or cutoff
Batting: RHB Ron King 0-0: Ball
1-0: Ball
2-0: Foul Ball, location: 2F
2-1: Fly out, F4 (Popup, 4D)
Top of the 5th over - 2 run(s), 4 hit(s), 0 error(s), 2 left on base; Reading 11 - Rio Grande 2
BOTTOM OF THE 5TH
Rio Grande Rattlesnake batting - Pitching for Reading Rainbows : RHP Ramón Quintero
Batting: SHB Jeremy Holmes 0-0: Called Strike
0-1: Ball
1-1: Fly out, F9 (Flyball, 89M)
Batting: SHB William Daly 0-0: Ball
1-0: Called Strike
1-1: Ball
2-1: Foul Ball, location: 2F
2-2: Ball
3-2: Fly out, F6 (Popup, 6)
Batting: RHB Joe Courtier 0-0: Called Strike
0-1: Foul Ball, location: 2F
0-2: Strikes out looking
Bottom of the 5th over - 0 run(s), 0 hit(s), 0 error(s), 0 left on base; Reading 11 - Rio Grande 2
TOP OF THE 6TH
Reading Rainbows batting - Pitching for Rio Grande Rattlesnake : RHP Alberto Román
Batting: RHB Donald Sanford 0-0: Swinging Strike
0-1: Ball
1-1: Foul Ball, location: 2F
1-2: Foul Ball, location: 2F
1-2: Strikes out swinging
Batting: LHB Wally Coker 0-0: Called Strike
0-1: Ball
1-1: Called Strike
1-2: Ball
2-2: Strikes out swinging
Batting: LHB Alfonso Ruíz 0-0: Called Strike
0-1: Hit by Pitch
Batting: LHB Richard Henry 0-0: Called Strike
Alfonso Ruíz steals 2nd base
0-1: Ball
1-1: Swinging Strike
1-2: Strikes out swinging
Top of the 6th over - 0 run(s), 0 hit(s), 0 error(s), 1 left on base; Reading 11 - Rio Grande 2
BOTTOM OF THE 6TH
Rio Grande Rattlesnake batting - Pitching for Reading Rainbows : RHP Ramón Quintero
Batting: RHB Liangde Que 0-0: Ball
1-0: Called Strike
1-1: Fly out, F7 (Flyball, 78D)
Batting: RHB Max Jones 0-0: Ball
1-0: Ball
2-0: Swinging Strike
2-1: Fly out, F9 (Flyball, 9LS)
Batting: RHB Hollis Wood 0-0: Fly out, F9 (Flyball, 9M)
Bottom of the 6th over - 0 run(s), 0 hit(s), 0 error(s), 0 left on base; Reading 11 - Rio Grande 2
TOP OF THE 7TH
Reading Rainbows batting - Pitching for Rio Grande Rattlesnake : RHP Alberto Román
Batting: RHB Dan Banks 0-0: SINGLE (Line Drive, 7LS)
Batting: RHB Germano Labrego 0-0: Called Strike
0-1: Swinging Strike
0-2: Strikes out swinging
Pitching: RHP Myron Burgess
Batting: RHB Albert Lutz 0-0: Ball
1-0: Called Strike
1-1: Fly out, F8 (Line Drive, 8RD)
Batting: LHB Shane Lynch 0-0: Ball
1-0: SINGLE (Groundball, 6MD) (infield hit)
Dan Banks to second
Batting: RHB Ron King 0-0: Swinging Strike
0-1: Called Strike
0-2: Strikes out looking
Top of the 7th over - 0 run(s), 2 hit(s), 0 error(s), 2 left on base; Reading 11 - Rio Grande 2
BOTTOM OF THE 7TH
Rio Grande Rattlesnake batting - Pitching for Reading Rainbows : RHP Ramón Quintero
Batting: RHB Doug Delaney 0-0: Ball
1-0: Foul Ball, location: 2F
1-1: Fly out, F8 (Flyball, 8RM)
Batting: RHB Juan López 0-0: Called Strike
0-1: Ball
1-1: Swinging Strike
1-2: Strikes out swinging
Batting: RHB Maresuke Yoshida 0-0: Called Strike
0-1: Foul Ball, location: 2F
0-2: Foul Ball, location: 2F
0-2: Foul Ball, location: 2F
0-2: Ball
Reached via error on a dropped throw, E3
Batting: SHB Jeremy Holmes 0-0: Ball
1-0: Fly out, F8 (Flyball, 8LM)
Bottom of the 7th over - 0 run(s), 0 hit(s), 1 error(s), 1 left on base; Reading 11 - Rio Grande 2
TOP OF THE 8TH
Reading Rainbows batting - Pitching for Rio Grande Rattlesnake : RHP Myron Burgess
Batting: RHB Donald Sanford 0-0: Called Strike
0-1: Called Strike
0-2: Ball
1-2: Foul Ball, location: 2F
1-2: Ball
2-2: Ball
3-2: Strikes out swinging
Batting: LHB Wally Coker 0-0: Ball
1-0: Foul Ball, location: 2F
1-1: Called Strike
1-2: Strikes out swinging
Batting: LHB Alfonso Ruíz 0-0: Ball
1-0: Ground out 6-3 (Groundball, 6M)
Top of the 8th over - 0 run(s), 0 hit(s), 0 error(s), 0 left on base; Reading 11 - Rio Grande 2
BOTTOM OF THE 8TH
Rio Grande Rattlesnake batting - Pitching for Reading Rainbows : RHP Ramón Quintero
Pitching: LHP Don Carter
Now at C: Louis Smith
Now at SS: Kyle Hollingsworth
Batting: SHB William Daly 0-0: Ball
1-0: Foul Ball, location: 2F
1-1: Ball
2-1: Foul Ball, location: 2F
2-2: Ball
3-2: Base on Balls
Batting: RHB Joe Courtier 0-0: Ball
1-0: Ball
2-0: Swinging Strike
2-1: Called Strike
2-2: Foul Ball, location: 2F
2-2: Strikes out swinging
Batting: RHB Liangde Que 0-0: Called Strike
0-1: Swinging Strike
0-2: Ball
1-2: SINGLE (Line Drive, 6M)
William Daly to second
Batting: RHB Max Jones 0-0: Called Strike
0-1: Foul Ball, location: 2F
0-2: Fly out, F8 (Flyball, 8LD)
Runner from 2nd tags up, SAFE at 3rd, no throw
Batting: RHB Hollis Wood 0-0: Ball
1-0: Called Strike
1-1: DOUBLE (Groundball, 5L)
William Daly scores
Liangde Que to third
Batting: RHB Doug Delaney 0-0: Foul Ball, location: 2F
0-1: Called Strike
0-2: Ball
1-2: Ball
2-2: Foul Ball, location: 2F
2-2: Fly out, F8 (Flyball, 8RXD)
Bottom of the 8th over - 1 run(s), 2 hit(s), 0 error(s), 2 left on base; Reading 11 - Rio Grande 3
TOP OF THE 9TH
Reading Rainbows batting - Pitching for Rio Grande Rattlesnake : RHP Myron Burgess
Batting: LHB Richard Henry 0-0: Ball
1-0: Swinging Strike
1-1: Fly out, F6 (Line Drive, 6D)
Batting: RHB Dan Banks 0-0: Called Strike
0-1: Foul Ball, location: 2F
0-2: Ball
1-2: Strikes out swinging
Batting: RHB Germano Labrego 0-0: Ball
1-0: Ball
2-0: DOUBLE (Line Drive, 5D)
Batting: RHB Albert Lutz 0-0: Called Strike
0-1: Ball
1-1: Called Strike
1-2: Ball
2-2: Ball
3-2: Strikes out swinging
Top of the 9th over - 0 run(s), 1 hit(s), 0 error(s), 1 left on base; Reading 11 - Rio Grande 3
BOTTOM OF THE 9TH
Rio Grande Rattlesnake batting - Pitching for Reading Rainbows : LHP Don Carter
Batting: RHB Juan López 0-0: Foul Ball, location: 2F
0-1: Ball
1-1: SINGLE (Flyball, 8RS)
Batting: RHB Maresuke Yoshida 0-0: Ball
1-0: Foul Ball, location: 2F
1-1: Fly out, F9 (Line Drive, 9M)
Batting: SHB Jeremy Holmes 0-0: Foul Ball, location: 2F
0-1: Foul Ball, location: 2F
0-2: Foul Ball, location: 2F
0-2: Ball
1-2: Fly out, F9 (Flyball, 89M)
Batting: SHB William Daly 0-0: Ball
1-0: Ball
2-0: Foul Ball, location: 2F
2-1: SINGLE (Line Drive, 6MD)
Juan López to second
Batting: RHB Joe Courtier 0-0: Called Strike
0-1: Foul Ball, location: 2F
0-2: Strikes out swinging
Bottom of the 9th over - 0 run(s), 2 hit(s), 0 error(s), 2 left on base; Reading 11 - Rio Grande 3
Monday, December 5th, 2016 - OOTP Baseball 17.12 Build 75